 Dungeon Crawl Stone Soup version 0.31-a0-765-g67fe2935dc (webtiles) character file.

Game seed: 3726676405942425071

68 Demosthentine the Ducker (level 4, -5/34 HPs)
             Began as a Demonspawn Gladiator on Sept 16, 2023.
             Killed from afar by Dowan (7 damage)
             ... with a puff of flame
             ... on level 4 of the Dungeon.
             The game lasted 00:02:10 (2022 turns).

Demosthentine the Ducker (Demonspawn Gladiator)     Turns: 2022, Time: 00:02:10

Health: -5/34      AC:  5    Str: 17    XL:     4   Next: 1%
Magic:  4/4        EV: 12    Int:  9    God:
Gold:   193        SH:  0    Dex: 14    Spells: 3/3 levels left

rFire   . . .        a - +1 trident
rCold   . . .        (no shield)
rNeg    . . .        b - +0 leather armour
rPois   +            c - +0 helmet
rElec   .            (no cloak)
rCorr   +            (no gloves)
SInv    .            f - +0 pair of boots
Will    .....        (no amulet)
Stlth   +            j - ring of resist corrosion
HPRegen 0.25/turn    k - ring of poison resistance
MPRegen 0.09/turn

%: no passive effects
@: no status effects
A: foul stench 1, demonic magic 1
a: no special abilities


You were on level 4 of the Dungeon.
You visited 1 branch of the dungeon, and saw 4 of its levels.

You collected 193 gold pieces.

Inventory:

Hand Weapons
 a - a +1 trident (weapon)
Missiles
 d - 3 throwing nets (quivered)
 e - a javelin
Armour
 b - a +0 leather armour (worn)
 c - a +0 helmet (worn)
 f - a +0 pair of boots (worn)
Jewellery
 j - a ring of resist corrosion (left hand)
 k - a ring of poison resistance (right hand)
Wands
 n - a wand of flame (19)
Scrolls
 i - a scroll of enchant weapon
 m - 3 scrolls of teleportation
Potions
 g - a potion of invisibility
 h - a potion of brilliance
 l - 2 potions of haste
 o - a potion of attraction {unknown}
 p - a potion of might {unknown}
 q - a potion of curing {unknown}


   Skills:
 + Level 2.7 Fighting
 + Level 3.2 Polearms
 - Level 1.7 Throwing
 + Level 1.3 Armour
 + Level 3.2 Dodging


You had 3 spell levels left.
You didn't know any spells.
Your spell library contained the following spells:

 Spells                   Type           Power      Damage    Failure   Level
 Magic Dart               Conj           0%         1d3       43%         1
 Call Imp                 Summ           0%         N/A       58%         2
 Mephitic Cloud           Conj/Pois/Air  0%         N/A       82%         3


Dungeon Overview and Level Annotations

Branches:
Dungeon (4/15)
 Temple: D:4-7

Altars:

Annotations:
D:4 Dowan, Duvessa


Innate Abilities, Weirdness & Mutations

You may rarely emit foul miasma when damaged in melee.
Spells you cast may paralyse adjacent enemies.


Message History

Done exploring.
Done exploring.
Done exploring.
Done exploring.
Okay, then.
Okay, then.
j - a ring of resist corrosion (left hand)
k - a ring of poison resistance (right hand)
What level of the Dungeon? (default 3, ? - help) You're already here!
You swing at nothing.
What level of the Dungeon? (default 3, ? - help)
There is a stone staircase leading down here.
You climb downwards.
There is a stone staircase leading up here.
Found a stone staircase leading down.
Dowan, Brother of Duvessa comes into view.
He is wielding a +0 dagger and carrying a wand of polymorph.
Dowan is nearby!
Duvessa, Sister of Dowan comes into view.
She is wielding a +0 rapier.
Duvessa shouts!
Dowan shouts!
Dowan casts a spell at you. The puff of flame hits you.
There are monsters nearby!
Dowan zaps a wand.
You resist with some effort.
There are monsters nearby!
Dowan points at you and mumbles some strange words.
The puff of frost hits you!
You reach to attack!
You hit Duvessa.
Duvessa is lightly wounded.
There are monsters nearby!
You hit Duvessa but do no damage.
Duvessa is lightly wounded.
Dowan gestures at Duvessa while chanting.
Duvessa seems to speed up.
Duvessa hits you with a +0 rapier! Duvessa attacks as she pursues you!
Duvessa hits you with a +0 rapier!
* * * LOW HITPOINT WARNING * * *
A kobold comes into view.
It is wielding a +0 short sword and quivering poisoned darts.
Dowan points at you and mumbles some strange words.
The puff of flame hits you!
You die...

####### #.....#
#.....# .
#.....# ...
#.e...# ....
#.....####
....##.........
......>.......K#
###.#..@e.......
###.#.#.###.....
.............##
###.....####.#
###.#.#....#
......#....#
##.........+
....#.##...#.#
###.#........#


You could see Duvessa (fast), Dowan and a kobold (wandering).

Vanquished Creatures
  2 dart slugs
  3 worms (D:3)
  10 ball pythons
  3 endoplasms (D:1)
  2 giant cockroaches
  3 goblins (D:3)
  5 hobgoblins
  6 jackals
  2 quokkas
  5 bats
  3 frilled lizards
  5 kobolds
  4 rats
53 creatures vanquished.

Notes
Turn   | Place    | Note
-------+----------+-------------------------------------------
     0 | D:1      | Demosthentine the Demonspawn Gladiator began the quest for
                  | the Orb.
     0 | D:1      | Reached XP level 1. HP: 16/16 MP: 1/1
   158 | D:1      | Gained mutation: You may rarely emit foul miasma when
                  | damaged in melee. [demonic ancestry]
   158 | D:1      | Reached XP level 2. HP: 22/22 MP: 2/2
   731 | D:2      | Reached skill level 1 in Armour
   836 | D:2      | Gained mutation: Spells you cast may paralyse adjacent
                  | enemies. [demonic ancestry]
   836 | D:2      | Reached XP level 3. HP: 28/28 MP: 3/3
  1959 | D:3      | Reached XP level 4. HP: 34/34 MP: 4/4
  2015 | D:4      | Noticed Dowan
  2016 | D:4      | Noticed Duvessa
  2022 | D:4      | Killed from afar by Dowan

Illustrated notes

Levels and vault maps discovered:
D:1:      lemuel_arrival_broad_hall, layout_loops_ring,
          corexii_leaking_fountain, minmay_circled_x
D:2:      layout_basic
D:3:      layout_loops_ring
D:4:      layout_basic, tso_altar, uniq_robin, uniq_duvessa, uniq_pikel

Skill      XL: |  1  2 |
---------------+-------+-----
Dodging        | 3 |  3.2
Polearms       | 3 |  3.2
Armour         | 1 |  1.3
Fighting       | |  2.7
Throwing       | |  1.7

Action                     |  1- 3 |  4- 6 || total
---------------------------+-------+-------++-------
  Melee: Trident           |   126 |     2 ||   128
    Use: Scroll            |     8 |       ||     8
   Stab: Sleeping          |     2 |       ||     2
 Armour: Leather armour    |    41 |     5 ||    46
  Dodge: Dodged            |    57 |       ||    57

Table legend: (Time is in decaauts)
 A = Elapsed time spent in this place.
 B = Non-inter-level travel time spent in this place.
 C = Inter-level travel time spent in this place.
 D = Time resting spent in this place.
 E = Time spent auto-exploring this place.
 F = Levels seen in this place.
 G = Mean time per level.
                   A        B        C        D        E       F      G
               +--------+--------+--------+--------+--------+-----+--------+
         Total |   2039 |   1987 |     52 |      0 |   1640 |   4 |  509.8 |
       Dungeon |   2039 |   1987 |     52 |      0 |   1640 |   4 |  509.8 |
               +--------+--------+--------+--------+--------+-----+--------+

Top non-repeatable levels by time:
     D:3: 768 daAuts
     D:2: 627 daAuts
     D:1: 621 daAuts
     D:4: 21 daAuts
